 Dungeon Crawl Stone Soup version 0.31-a0-1620-gcbf77bbcfc (webtiles) character file.

Game seed: 12447155911588927425

210 theswoord the Twirler (level 5, 0/38 HPs)
             Began as a Demonspawn Gladiator on Jan 11, 2024.
             Was an Initiate of Kikubaaqudgha.
             Slain by a sleepcap (18 damage)
             ... on level 4 of the Dungeon.
             The game lasted 00:03:44 (3115 turns).

theswoord the Twirler (Demonspawn Gladiator)        Turns: 3115, Time: 00:03:45

Health: 0/38       AC:  4    Str: 16    XL:     5   Next: 56%
Magic:  5/5        EV:  2    Int:  9    God:    Kikubaaqudgha [......]
Gold:   166        SH:  0    Dex: 20    Spells: 4/4 levels left

rFire   . . .        a - +1 quarterstaff
rCold   . . .        (shield currently unavailable)
rNeg    . . .        b - +0 leather armour
rPois   .            c - +0 helmet
rElec   .            (no cloak)
rCorr   .            (no gloves)
SInv    .            (no boots)
Will    .....        (no amulet)
Stlth   +            g - +6 ring of dexterity
HPRegen 0.26/turn    (no ring)
MPRegen 0.09/turn

%: no passive effects
@: sleeping
A: claws 1, spiny 2
a: Renounce Religion


You were on level 4 of the Dungeon.
You worshipped Kikubaaqudgha.
Kikubaaqudgha was noncommittal.
You visited 1 branch of the dungeon, and saw 4 of its levels.

You collected 166 gold pieces.

Inventory:

Hand Weapons
 a - a +1 quarterstaff (weapon)
Missiles
 d - 3 throwing nets (quivered)
 e - a javelin
Armour
 b - a +0 leather armour (worn)
 c - a +0 helmet (worn)
Jewellery
 g - a +6 ring of dexterity (left claw)
 k - an amulet of regeneration
 t - a ring of protection from fire
Talismans
 m - a maw talisman
Scrolls
 f - 6 scrolls of identify
 i - a scroll of enchant weapon
 l - a scroll of torment {unknown}
 o - a scroll of blinking
 r - a scroll of amnesia {unknown}
 s - a scroll of enchant armour {unknown}
Potions
 h - a potion of heal wounds {unknown}
 j - a potion of haste {unknown}
 n - a potion of ambrosia {unknown}
 p - 4 potions of curing {unknown}
 q - a potion of resistance {unknown}


   Skills:
 - Level 2.0 Fighting
 + Level 5.8 Staves
 - Level 1.7 Throwing
 - Level 2.6 Dodging


You had 4 spell levels left.
You didn't know any spells.
Your spell library was empty.

Dungeon Overview and Level Annotations

Branches:
Dungeon (4/15)
 Temple: D:4-7

Altars:
Kikubaaqudgha
Sif Muna


Innate Abilities, Weirdness & Mutations

You have sharp fingernails.
You are mostly covered in sharp spines.


Message History

Things that are here:
a +0 dagger; 4 stones You see here 5 stones.
There is a stone staircase leading up here.
Things that are here:
a +0 whip; a +0 scale mail You see here a +0 dagger.
You see here a +0 ring mail.
You open the door.
There is an open door here.
You open the door.
A kobold, a sleepcap, a ribbon worm and 2 jellies come into view.
The kobold shouts!
The endoplasm quivers.
There are monsters nearby!
There are monsters nearby!
There are monsters nearby!
The sleepcap is struck by your spines. The sleepcap releases spores at you.
You are engulfed in a cloud of soporific spores!
You fall asleep.
The ribbon worm is struck by your spines.
The ribbon worm bites you!
You wake up.
There is an open door, spattered with blood here.
You sock the sleepcap! The sleepcap barely misses you.
The jelly quivers.
You hit the sleepcap but do no damage. The sleepcap barely misses you.
You hit the sleepcap. The sleepcap is struck by your spines.
The sleepcap releases spores at you.
An iguana comes into view.
The iguana hisses angrily.
You hit the sleepcap. The sleepcap is struck by your spines.
The sleepcap releases spores at you.
* * * LOW HITPOINT WARNING * * *
You are engulfed in a cloud of soporific spores!
You fall asleep.
The sleepcap is struck by your spines.
The sleepcap releases spores at you but does no damage.
The sleepcap releases spores at you!!
You die...
Kikubaaqudgha rasps: "You have failed me!
Welcome... death!"

#.....).....#.#............#
##.#.##.....#...............
###..#...#........(...##[... #
##..#[##.#################### ##
##..##..#.#...#*#..+,,,,,,***#
.###..#.#..#.#.8.+#...#,,,,,,*,*#
.............#...#...#*,,,,,,**,*
....##.......#...#JK#*+,,,***,,,*
#(.#..#......'.8@f#**,*,,,*,*,,,*
##.######..###...#w#,,*,,,**,,,,*
##.# #...##...#.l#*+***,,,,,,*
#..# #....#.8.+##..**,*,,,,,,*
#.## ##....#...###.##**,,,,,,,*
#..# #.....########## *********
##.#####.........###### *,,,,,,*
##.##......#...###.### *,,,,,,,
##........###...#.### **,*****


You could see a sleepcap, a ribbon worm, an iguana, an endoplasm and a kobold.

Vanquished Creatures
  An iguana (D:4)
  Robin (D:2)
  4 gnolls (D:4)
  6 adders
  2 dart slugs (D:1)
  3 orcs
  6 ball pythons
  6 endoplasms
  2 giant cockroaches
  15 goblins
  6 hobgoblins
  2 quokkas
  8 bats
  5 kobolds
  8 rats
75 creatures vanquished.

Notes
Turn   | Place    | Note
-------+----------+-------------------------------------------
     0 | D:1      | theswoord the Demonspawn Gladiator began the quest for the
                  | Orb.
     0 | D:1      | Reached XP level 1. HP: 16/16 MP: 1/1
    31 | D:1      | Reached skill level 3 in Staves
    77 | D:1      | Gained mutation: You are partially covered in sharp spines.
                  | [demonic ancestry]
    77 | D:1      | Reached XP level 2. HP: 17/22 MP: 2/2
   741 | D:1      | Gained mutation: You are mostly covered in sharp spines.
                  | [demonic ancestry]
   741 | D:1      | Reached XP level 3. HP: 21/27 MP: 3/3
   930 | D:2      | Noticed Robin
   944 | D:2      | Reached skill level 4 in Staves
  1000 | D:2      | Killed Robin
  1078 | D:2      | Gained mutation: You have sharp fingernails. [demonic
                  | ancestry]
  1078 | D:2      | Reached XP level 4. HP: 33/33 MP: 4/4
  2001 | D:3      | Reached skill level 5 in Staves
  2383 | D:4      | Reached XP level 5. HP: 35/38 MP: 5/5
  2950 | D:4      | Identified the +0 robe of the Northern Lights {Fly rC+ rN+
                  | Int-5}
  2974 | D:4      | Found an ancient bone altar of Kikubaaqudgha.
  2975 | D:4      | Found a shimmering blue altar of Sif Muna.
  3042 | D:4      | Became a worshipper of Kikubaaqudgha
  3115 | D:4      | Slain by a sleepcap

Skill      XL: |  1  2  3  4 |
---------------+-------------+-----
Staves         | 3 4 5 |  5.8
Fighting       | |  2.0
Throwing       | |  1.7
Dodging        | |  2.6

Action                     |  1- 3 |  4- 6 || total
---------------------------+-------+-------++-------
  Melee: Quarterstaff      |    78 |    57 ||   135
    Use: Scroll            |     1 |     5 ||     6
   Stab: Sleeping          |       |     2 ||     2
         Distracted        |       |     1 ||     1
 Armour: Leather armour    |    50 |    28 ||    78
  Dodge: Dodged            |    54 |    29 ||    83

Levels and vault maps discovered:
D:1:      spicycebolla_arrival_clurvy, layout_basic, serial_corexii_hall,
          chequers_hall_statues_y, chequers_hall_statues_wall_a,
          corexii_hall_statues_s, chequers_hall_statues_y,
          amcnicky_mini_rare_corridor_liquid, st_stairs_5,
          chequers_serial_rivers_small_b, minmay_misc_feat_cross,
          minmay_tetromino_t2
D:2:      minmay_general_purpose_star, layout_basic, serial_aquarium,
          aquarium_bridge_island_large [aquarium_subvault_large_4_pools,
          aquarium_subvault_bridge, aquarium_subvault_window,
          aquarium_subvault_bridge, aquarium_subvault_bridge],
          aquarium_bridge_long_joined [aquarium_subvault_wall,
          aquarium_subvault_window, aquarium_subvault_window,
          aquarium_subvault_window, aquarium_subvault_window,
          aquarium_subvault_bridge], aquarium_window_1,
          aquarium_window_corridor_3, aquarium_view_2f,
          nicolae_elevator_lobby_asterisk, uniq_robin
D:3:      layout_loops_ring
D:4:      minmay_chambers_of_threes, layout_layer_cave,
          gammafunk_temple_overflow_statue, chequers_mini_garden,
          nicolae_tricolors
